 Dungeon Crawl Stone Soup version 0.27.1-34-g3ba077fa99 (webtiles) character file.

Game seed: 10282307390208019065

255 Eitelfritz the Chopper (level 5, -8/45 HPs)
             Began as a Minotaur Gladiator on Jan 20, 2022.
             Mangled by an ogre (31 damage)
             ... on level 4 of the Dungeon.
             The game lasted 00:04:53 (3382 turns).

Eitelfritz the Chopper (Minotaur Gladiator)         Turns: 3382, Time: 00:04:53

Health: -8/45      AC:  8    Str: 18    XL:     5   Next: 91%
Magic:  4/4        EV: 11    Int:  6    God:
Gold:   105        SH:  0    Dex: 12    Spells: 4/4 levels left

rFire    . . .     SeeInvis +   a - +0 war axe
rCold    . . .     Faith    .   (no shield)
rNeg     . . .     Spirit   .   f - +0 scale mail
rPois    .         Reflect  .   l - +2 hat
rElec    .         Harm     .   (no cloak)
rCorr    .         Rampage  .   (no gloves)
Will     .....                  (no boots)
Stlth    ..........             (no amulet)
HPRegen  0.15/turn              q - ring of see invisible
MPRegen  0.09/turn              (no ring)

@: no status effects
A: horns 2, retaliatory headbutt
a: no special abilities


You were on level 4 of the Dungeon.
You visited 1 branch of the dungeon, and saw 4 of its levels.

You collected 105 gold pieces.

Inventory:

Hand Weapons
 a - a +0 war axe (weapon)
 m - a +0 mace of pain
 o - a +2 long sword of holy wrath
Missiles
 d - 3 throwing nets (quivered)
Armour
 f - a +0 scale mail (worn)
 l - a +2 hat (worn)
Jewellery
 q - a ring of see invisible (left hand)
Scrolls
 b - a scroll of vulnerability {unknown}
 e - a scroll of blinking {unknown}
 i - 2 scrolls of amnesia {unknown}
 j - a scroll of immolation {unknown}
 k - 3 scrolls of identify {unknown}
 n - 2 scrolls of enchant weapon {unknown}
 s - a scroll of teleportation {unknown}
 u - a scroll of fear {unknown}
Potions
 c - 2 potions of mutation {unknown}
 g - a potion of lignification {unknown}
 h - 2 potions of attraction {unknown}
 p - a potion of degeneration {unknown}
 r - a potion of haste {unknown}
 t - a potion of curing {unknown}


   Skills:
 + Level 3.2 Fighting
 + Level 5.9 Axes
 + Level 2.0 Throwing
 + Level 3.2 Armour
 + Level 4.3 Dodging
 + Level 0.3 Stealth


You had 4 spell levels left.
You didn't know any spells.
Your spell library contained the following spells:

 Spells                   Type           Power      Damage    Failure   Level
 Sublimation of Blood     Necr           0%         N/A       93%         2
 Wereblood                Tmut           0%         N/A       93%         2
 Summon Hydra             Summ           0%         N/A       100%        7


Dungeon Overview and Level Annotations

Branches:
Dungeon (4/15)             Temple (0/1) D:4

Altars:

Shops:
D:2 [


Innate Abilities, Weirdness & Mutations

You have a pair of horns on your head.
You reflexively headbutt those who attack you in melee.


Message History

A giant cockroach is nearby!
A scorpion comes into view.
You hit the giant cockroach but do no damage.
The giant cockroach bites you but does no damage.
You barely miss the giant cockroach. You headbutt the giant cockroach.
The giant cockroach is heavily wounded.
The giant cockroach bites you.
The giant cockroach bites you but does no damage.
You hit the giant cockroach.
You kill the giant cockroach!
You barely miss the scorpion. The scorpion closely misses you.
You furiously retaliate!
You headbutt the scorpion, but do no damage.
You barely miss the scorpion. The scorpion barely misses you.
The scorpion misses you.
You slash the scorpion! You headbutt the scorpion!
You kill the scorpion!
Your Armour skill increases to level 3!
You see here a scorpion corpse.
Found a staircase to the Ecumenical Temple.
An iguana comes into view.
The iguana hisses angrily.
Found 9 gold pieces.
Found an escape hatch in the floor.
An ogre comes into view. It is wielding a +0 giant spiked club.
Found a quarterstaff.
Found a scroll labelled XINEIFFEUTTA.
You slash the iguana! Your headbutt misses the iguana.
The iguana is heavily wounded.
The iguana bites you but does no damage.
The iguana closely misses you.
You slash the iguana!
You kill the iguana!
You slash the ogre!
The ogre is heavily wounded.
The ogre hits you with a +0 giant spiked club!!
You hit the ogre.
The ogre is heavily wounded.
The ogre hits you with a +0 giant spiked club!!
Ouch! That really hurt!
You die...

#..........# ........)..
#..........# #.# ...#.#.#. .
#........<.# #. ..#...... #..
#..........# #..#..O#.>. ...
#####......####....#.... .. .
............. .......#.#.#...#
#####......####? #.......#
###......# #.#####.#.#.##
#........# #.@O........#
#....##### #####....#.....
#....# #..........# ###.[<.#
#........$.# .......#
#...........
..#....############........>.#
..................†.........
..##'#######..##############
..#........#..#


You could see an ogre.

Vanquished Creatures
  2 scorpions (D:4)
  An orc priest (D:3)
  An iguana (D:4)
  An adder (D:2)
  A worm (D:2)
  2 dart slugs
  5 orcs (D:3)
  3 endoplasms
  5 giant cockroaches
  3 hobgoblins (D:1)
  7 jackals (D:1)
  5 ball pythons
  7 bats
  A frilled lizard (D:1)
  5 goblins
  6 kobolds
  7 rats
62 creatures vanquished.

Notes
Turn   | Place    | Note
-------+----------+-------------------------------------------
     0 | D:1      | Eitelfritz the Minotaur Gladiator began the quest for the
                  | Orb.
     0 | D:1      | Reached XP level 1. HP: 18/18 MP: 0/0
    72 | D:1      | Reached skill level 4 in Axes
    72 | D:1      | Reached XP level 2. HP: 14/25 MP: 1/1
   658 | D:1      | Reached XP level 3. HP: 28/30 MP: 2/2
  1263 | D:2      | Found a faded altar of an unknown god.
  1631 | D:2      | Reached skill level 1 in Armour
  1779 | D:2      | Found Riruss's Armour Boutique.
  2290 | D:3      | Reached XP level 4. HP: 12/37 MP: 3/3
  2574 | D:3      | Reached skill level 5 in Axes
  3091 | D:4      | Noticed a scorpion
  3098 | D:4      | Killed a scorpion
  3099 | D:4      | Reached XP level 5. HP: 15/45 MP: 4/4
  3367 | D:4      | Found a staircase to the Ecumenical Temple.
  3370 | D:4      | Noticed an ogre
  3382 | D:4      | Mangled by an ogre

Illustrated notes

Levels and vault maps discovered:
D:1:      shiori_arrival_oz, layout_loops_ring
D:2:      layout_loops_corners, serial_shops, shop,
          hellmonk_ecumenical_altar_crossroads, guppyfry_early_lair_pool
D:3:      wander_river, layout_basic, minmay_misc_feat_hallway,
          kennysheep_cross_room, kennysheep_generic_room_10
D:4:      layout_basic, minmay_temple_entry_sparse_star, minivault_25

Skill      XL: |  1  2  3  4  5 |
---------------+----------------+-----
Axes           | 4 5 |  5.9
Armour         | 1 2 3 |  3.2
Dodging        | 4 |  4.3
Fighting       | 3 |  3.2
Throwing       | |  2.0
Stealth        | |  0.3

Action                   |  1- 3 |  4- 6 || total
-------------------------+-------+-------++-------
Melee: War axe           |   107 |    30 ||   137
       Headbutt          |    16 |     4 ||    20
 Stab: Sleeping          |     1 |       ||     1
Armor: Leather armour    |    15 |       ||    15
       Scale mail        |    32 |     5 ||    37
Dodge: Dodged            |    80 |    16 ||    96
